 Dungeon Crawl Stone Soup version 0.24.0-123-gd5b16e6ec5 (webtiles) character file.

Game seed: 17671320943937102140, levelgen mode: deterministic

855 FishyPogo the Grave Robber (level 7, -3/53 HPs)
             Began as a Demonspawn Necromancer on Dec 31, 2019.
             Was a Follower of Cheibriados.
             Slain by Pikel
             ... wielding a +0 whip of electrocution
              (13 damage)
             ... on level 5 of the Dungeon.
             The game lasted 00:22:51 (4423 turns).

FishyPogo the Grave Robber (Demonspawn Necromancer) Turns: 4423, Time: 00:22:52

Health: -3/53      AC:  7    Str: 18    XL:     7   Next: 70%
Magic:  11/11      EV: 12    Int: 19    God:    Cheibriados [*.....]
Gold:   280        SH:  0    Dex: 18    Spells: 7/12 levels left

rFire    . . .     SeeInvis .     - Unarmed
rCold    . . .     Gourm    +   (no shield)
rNeg     . . .     Faith    .   n - +2 ring mail {MR+}
rPois    .         Spirit   .   (helmet restricted)
rElec    .         Reflect  .   (no cloak)
rCorr    .         Harm     .   (no gloves)
MR       ++...                  (no boots)
Stlth    +.........             D - amulet of the gourmand
HPRegen  0.17/turn              C - +6 ring of strength
MPRegen  0.12/turn              d - ring of protection from magic

@: very slow
A: claws 1, hooves 1, horns 2, powered by pain 1
a: Bend Time, Renounce Religion


You were on level 5 of the Dungeon.
You worshipped Cheibriados.
Cheibriados was aware of your devotion.
You were very full.

You visited 1 branch of the dungeon, and saw 5 of its levels.

You collected 280 gold pieces.

Inventory:

Hand Weapons
 v - a +1 dagger of flaming
 w - a +2 dagger of draining
Missiles
 j - 119 stones (quivered)
 l - 12 curare-tipped darts
 t - 15 poisoned darts
 x - 5 boomerangs
Armour
 a - a +0 robe
 n - a +2 ring mail of magic resistance (worn)
 q - a +0 buckler
 E - a +2 robe of fire resistance
Jewellery
 d - a ring of protection from magic (right claw)
 C - a +6 ring of strength (left claw)
 D - an amulet of the gourmand (around neck)
 G - a +4 ring of evasion {unknown}
Wands
 r - a wand of flame (21)
 A - a wand of polymorph (10)
Scrolls
 b - a scroll of amnesia {unknown}
 f - 5 scrolls of identify {unknown}
 g - 2 scrolls of enchant armour {unknown}
 i - a scroll of immolation {unknown}
 o - 3 scrolls of teleportation
 u - 4 scrolls of remove curse
 y - a scroll of random uselessness {unknown}
 z - a scroll of fear {unknown}
 B - a scroll of blinking {unknown}
Potions
 e - a potion of degeneration {unknown}
 h - 3 potions of curing
 k - 2 potions of flight
 m - a potion of brilliance {unknown}
 p - a potion of haste
 s - a potion of ambrosia {unknown}
 F - a potion of mutation {unknown}
Comestibles
 c - 8 rations


   Skills:
 * Level 3.7 Fighting
 * Level 2.8 Armour
 - Level 2.0 Dodging
 - Level 2.0 Stealth
 * Level 3.8 Unarmed Combat
 - Level 3.0 Spellcasting
 - Level 2.0 Charms
 - Level 6.0 Necromancy


You had 7 spell levels left.
You knew the following spells:

 Your Spells              Type           Power        Failure   Level  Hunger
a - Pain                  Necr           ####         2%          1    None
h - Regeneration          Chrm/Necr      ###.......   16%         3    ###....
y - Animate Skeleton      Necr           N/A          2%          1    None

Your spell library contained the following spells:

 Spells                   Type           Power        Failure   Level  Hunger
 Vampiric Draining        Necr           ####......   7%          3    ###....
 Animate Dead             Necr           N/A          22%         4    ####...
 Magic Dart               Conj           #...         26%         1    None
 Blink                    Tloc           N/A          36%         2    ##.....
 Call Imp                 Summ           #.......     36%         2    ##.....
 Slow                     Hex            #.......     36%         2    ##.....
 Conjure Flame            Conj/Fire      #.......     61%         3    ###....
 Mephitic Cloud           Conj/Pois/Air  #.......     61%         3    ###....


Dungeon Overview and Level Annotations

Branches:
Dungeon (5/15)
 Temple: D:4-7

Altars:
Cheibriados
Dithmenos
Elyvilon
Fedhas
Okawaru
Qazlal
Ru
Sif Muna
Wu Jian
Xom

Shops:
D:4 *

Annotations:
D:5 Pikel


Innate Abilities, Weirdness & Mutations

You have sharp fingernails.
You have large cloven feet.
You have a pair of horns on your head.
You sometimes gain a little power by taking damage.


Message History

A slave comes into view.
Pikel hits you but does no damage.
You are electrocuted!!
You barely miss Pikel. You headbutt Pikel!
Pikel is moderately wounded.
Pikel misses you.
You scratch Pikel. Your headbutt misses Pikel.
Pikel is moderately wounded.
A slave comes into view.
Pikel hits you but does no damage.
You closely miss Pikel.
The slave shouts!
You kick Pikel, but do no damage.
Pikel is moderately wounded.
Pikel hits you with a +0 whip of electrocution.
You are electrocuted!
* * * LOW HITPOINT WARNING * * *
Pikel hits you with a +0 whip of electrocution.
* * * LOW HITPOINT WARNING * * *
You are electrocuted!
You die...

###.# #.......###...........
#...# #.......# #.##########
#.### #.......# #.# ###
#.############## #.###.##
#........# #.##...####
#........# #.#.....รท.#
#...###.p#### ###.....#.##
#.p.# #)..p.######.......#...
##..###..##K@......##...##...
#.....>.#############.##..#.
#.......# ####..#. #########
####..... #.##...#. #.##...##
#........ #.#...#.# #.......#


You could see Pikel and 2 slaves.

Vanquished Creatures
  Menkaure (D:5)
  A slave (D:5)
  2 ogres (D:5)
  Blork the orc (D:5)
  2 vampire bats (D:5)
  A bullfrog zombie (D:5)
  An orc priest (D:3)
  A hound (D:3)
  Jessica (D:2)
  3 worker ants
  An orc wizard (D:3)
  A hound skeleton (D:5)
  3 gnolls (D:5)
  4 adders (D:2)
  3 oozes (D:3)
  An adder skeleton (D:4)
  3 worms
  2 dart slugs
  4 leopard geckos
  6 orcs
  A ball python (D:3)
  13 bats
  7 giant cockroaches
  11 goblins
  4 hobgoblins
  12 jackals
  A quokka (D:3)
  3 frilled lizards
  2 kobolds
  A quokka skeleton (D:5)
  4 rats
101 creatures vanquished.

Vanquished Creatures (collateral kills)
  A kobold (D:2)
1 creature vanquished.

Vanquished Creatures (others)
  A quokka (D:2)
  A bat (D:2)
  4 toadstools (D:1)
6 creatures vanquished.

Grand Total: 108 creatures vanquished

Notes
Turn   | Place    | Note
-------+----------+-------------------------------------------
     0 | D:1      | FishyPogo the Demonspawn Necromancer began the quest for
                  | the Orb.
     0 | D:1      | Reached XP level 1. HP: 13/13 MP: 3/3
   176 | D:1      | Learned a level 1 spell: Animate Skeleton
   194 | D:1      | Gained mutation: You have sharp fingernails. [demonic
                  | ancestry]
   194 | D:1      | Reached XP level 2. HP: 15/20 MP: 1/5
  1219 | D:2      | Reached skill level 1 in Fighting
  1238 | D:2      | Gained mutation: You have a pair of small horns on your
                  | head. [demonic ancestry]
  1238 | D:2      | Reached XP level 3. HP: 16/26 MP: 6/6
  1243 | D:2      | Reached skill level 1 in Unarmed Combat
  1362 | D:2      | Learned a level 3 spell: Regeneration
  1375 | D:2      | Noticed Jessica
  1428 | D:2      | Found an iron altar of Okawaru.
  1441 | D:2      | Reached skill level 5 in Necromancy
  1481 | D:2      | Killed Jessica
  1481 | D:2      | Gained mutation: You sometimes gain a little power by
                  | taking damage. [demonic ancestry]
  1481 | D:2      | Reached XP level 4. HP: 25/32 MP: 2/7
  1587 | D:2      | Found a white marble altar of Elyvilon.
  1938 | D:3      | Found a blossoming altar of Fedhas.
  1974 | D:3      | Found a snail-covered altar of Cheibriados.
  1975 | D:3      | Found a shadowy altar of Dithmenos.
  1975 | D:3      | Found an ornate altar of the Wu Jian Council.
  1976 | D:3      | Found a sacrificial altar of Ru.
  1977 | D:3      | Found a shimmering altar of Xom.
  1999 | D:3      | Reached XP level 5. HP: 30/37 MP: 2/8
  2320 | D:3      | Reached skill level 1 in Charms
  2772 | D:3      | Found a faded altar of an unknown god.
  2903 | D:5      | Entered Level 5 of the Dungeon
  3017 | D:4      | Found an iron altar of Okawaru.
  3155 | D:4      | Gained mutation: You have a pair of horns on your head.
                  | [demonic ancestry]
  3155 | D:4      | Reached XP level 6. HP: 38/44 MP: 5/9
  3247 | D:4      | Found Miaczil's General Store.
  3298 | D:4      | Found a shimmering blue altar of Sif Muna.
  3454 | D:5      | Noticed Menkaure
  3474 | D:5      | Killed Menkaure
  3474 | D:5      | Reached skill level 1 in Armour
  3474 | D:5      | Reached skill level 6 in Necromancy
  3628 | D:5      | Gained mutation: You have large cloven feet. [demonic
                  | ancestry]
  3628 | D:5      | Reached XP level 7. HP: 47/51 MP: 7/11
  3714 | D:5      | Noticed Blork the orc
  3737 | D:5      | Killed Blork the orc
  3786 | D:5      | Found a stormy altar of Qazlal.
  3939 | D:5      | Noticed Pikel
  4051 | D:3      | Became a worshipper of Cheibriados the Contemplative
  4051 | D:3      | Reached * piety under Cheibriados
  4423 | D:5      | Slain by Pikel

Levels and vault maps discovered:
D:1:      ldierk_walled_garden_2, layout_basic
D:2:      layout_rooms, elyvilon_altar_4, okawaru_gym_becter, uniq_jessica
D:3:      layout_basic, grunt_temple_overflow_open,
          chequers_ecumenical_altar_lobes, chequers_mini_garden
D:4:      layout_cave_pools, nicolae_overflow_hidden_temple,
          lemuel_blue_sif_altar, serial_shops, nicolae_shop_trees,
          grunt_decor_cap
D:5:      layout_loops_cross, nicolae_qazlal_general_emergency, first_ration,
          roderic_batcave, uniq_blork_the_orc, uniq_menkaure, uniq_pikel

Skill      XL: |  1  2  3  4  5  6  7 |
---------------+----------------------+-----
Stealth        | 2 |  2.0
Dodging        | 2 |  2.0
Fighting       | 1 2 3 |  3.7
Unarmed Combat | 1 2 3 |  3.8
Necromancy     | 5 6 |  6.0
Charms         | 1 2 |  2.0
Armour         | 1 2 |  2.8
Spellcasting   | 3 |  3.0

Action                   |  1- 3 |  4- 6 |  7- 9 || total
-------------------------+-------+-------+-------++-------
Melee: Unarmed           |    46 |   112 |    83 ||   241
       Whip              |     5 |       |       ||     5
       Headbutt          |     2 |    20 |    17 ||    39
       Punch             |       |     1 |     3 ||     4
       Kick              |       |       |    25 ||    25
Throw: Stone             |       |     1 |       ||     1
 Cast: Pain              |    31 |    90 |       ||   121
       Animate Skeleton  |     4 |       |       ||     4
       Regeneration      |     2 |     5 |       ||     7
  Use: Scroll            |       |     2 |       ||     2
       Potion            |       |     6 |     1 ||     7
 Stab: Sleeping          |     1 |     1 |       ||     2
       Distracted        |     1 |       |       ||     1
  Eat: Chunk             |     2 |    11 |    10 ||    23
Armor: Robe              |     7 |     5 |       ||    12
       Ring mail         |       |    20 |    47 ||    67
       Skin              |       |     2 |       ||     2
Dodge: Dodged            |    31 |    55 |    89 ||   175
